 Dungeon Crawl Stone Soup version 0.27-a0-1272-g7c8ad2e407 (webtiles) character file.

Game seed: 11573066204859995737

6929 Froggeryz the Cleaver (level 10, 0/76 HPs)
             Began as a Demonspawn Gladiator on June 11, 2021.
             Was a High Priest of Okawaru.
             Killed from afar by an efreet (49 damage)
             ... with a fireball
             ... on level 9 of the Dungeon.
             The game lasted 00:09:00 (8570 turns).

Froggeryz the Cleaver (Demonspawn Gladiator)        Turns: 8570, Time: 00:09:01

Health: 0/76       AC: 10    Str: 28    XL:     10   Next: 80%
Magic:  16/16      EV: 12    Int: 10    God:    Okawaru [*****.]
Gold:   494        SH:  0    Dex: 15    Spells: 9/9 levels left

rFire    x . .     SeeInvis .   A - +6 hand axe of Hanill {drain, rF- rC+ Str+4}
rCold    + + +     Faith    .   (no shield)
rNeg     . . .     Spirit   .   h - +0 ring mail
rPois    .         Reflect  .   p - +0 helmet
rElec    +         Harm     .   (no cloak)
rCorr    +         Rampage  .   t - +0 pair of gloves
Will     .....                  (no boots)
Stlth    +.........             F - amulet "Jiras" {rElec rC++ Will- Regen+ Str+7}
HPRegen  1.22/turn              i - +4 ring of slaying
MPRegen  0.15/turn              o - ring of resist corrosion

@: no status effects
A: claws 1, slimy green scales 2, icemail 1, powered by pain 1, condensation
shield
a: Renounce Religion, Heroism, Finesse


You were on level 9 of the Dungeon.
You worshipped Okawaru.
Okawaru was extremely pleased with you.
You visited 2 branches of the dungeon, and saw 10 of its levels.

You collected 494 gold pieces.

Inventory:

Hand Weapons
 a - a +0 war axe
 b - a +2 executioner's axe of electrocution
 c - a +2 antimagic battleaxe
 A - the +6 hand axe of Hanill (weapon) {drain, rF- rC+ Str+4}
   (You took it off a hobgoblin on level 4 of the Dungeon)

   A truly terrible weapon, it drains the life of those it strikes.
   It affects your strength (+4).
   It makes you vulnerable to fire.
   It protects you from cold.
Missiles
 d - 4 throwing nets (quivered)
 B - a curare-tipped dart
 K - 5 boomerangs of dispersal
Armour
 h - a +0 ring mail (worn)
 p - a +0 helmet (worn)
 t - a +0 pair of gloves (worn)
Jewellery
 i - a +4 ring of slaying (left hand)
 o - a ring of resist corrosion (right hand)
 F - the amulet "Jiras" (around neck) {rElec rC++ Will- Regen+ Str+7}
   (You acquired it on level 6 of the Dungeon)

   [amulet of regeneration]

   It affects your strength (+7).
   It greatly protects you from cold.
   It insulates you from electricity.
   It increases your rate of health regeneration.
   It decreases your willpower.
 J - a ring of protection from cold
Wands
 w - a wand of paralysis (17)
 C - a wand of flame (49)
Scrolls
 e - 2 scrolls of fog
 f - a scroll of magic mapping {unknown}
 j - 2 scrolls of identify {unknown}
 l - a scroll of enchant weapon {unknown}
 r - a scroll of enchant armour {unknown}
 u - a scroll of fear {unknown}
 y - a scroll of blinking
 D - a scroll of summoning {unknown}
 G - a scroll of brand weapon {unknown}
 H - 2 scrolls of holy word {unknown}
 I - a scroll of amnesia {unknown}
Potions
 g - 2 potions of degeneration {unknown}
 k - 5 potions of curing {unknown}
 m - 3 potions of heal wounds {unknown}
 n - 2 potions of haste {unknown}
 q - a potion of mutation {unknown}
 s - 5 potions of brilliance {unknown}
 v - a potion of berserk rage {unknown}
 x - a potion of magic {unknown}
 z - 2 potions of flight {unknown}
 E - a potion of attraction {unknown}


   Skills:
 - Level 6.1 Fighting
 * Level 12.5 Axes
 - Level 1.7 Throwing
 - Level 2.1 Armour
 - Level 2.6 Dodging
 + Level 9.2 Invocations


You had 9 spell levels left.
You didn't know any spells.
Your spell library contained the following spells:

 Spells                   Type           Power      Damage    Failure   Level
 Animate Skeleton         Necr           0%         N/A       50%         1
 Apportation              Tloc           0%         N/A       50%         1
 Corona                   Hex            0%         N/A       50%         1
 Summon Small Mammal      Summ           0%         N/A       50%         1
 Call Imp                 Summ           0%         N/A       63%         2
 Slow                     Hex            0%         N/A       63%         2
 Call Canine Familiar     Summ           0%         N/A       86%         3
 Confusing Touch          Hex            0%         N/A       86%         3
 Frozen Ramparts          Ice            0%         1d2       86%         3
 Gell's Gravitas          Tloc           0%         N/A       86%         3
 Inner Flame              Hex/Fire       0%         N/A       86%         3
 Portal Projectile        Hex/Tloc       0%         N/A       86%         3
 Summon Guardian Golem    Hex/Summ       0%         N/A       86%         3
 Cause Fear               Hex            0%         N/A       99%         4
 Hailstorm                Conj/Ice       0%         3d3       99%         4
 Leda's Liquefaction      Hex/Erth       0%         N/A       99%         4
 Petrify                  Tmut/Erth      0%         N/A       99%         4
 Summon Ice Beast         Ice/Summ       0%         N/A       99%         4
 Summon Lightning Spire   Summ/Air       0%         N/A       99%         4
 Freezing Cloud           Conj/Ice/Air   0%         6-21      100%        5
 Metabolic Englaciation   Hex/Ice        0%         N/A       100%        5
 Yara's Violent Unravell  Hex/Tmut       0%         3d3       100%        5


Dungeon Overview and Level Annotations

Branches:
Dungeon (9/15)             Temple (1/1) D:6             Orc (0/2) D:9
   Lair: D:8-11

Altars:
Ashenzari
Cheibriados
Dithmenos
Elyvilon
Fedhas
Gozag
Hepliaklqana
Kikubaaqudgha
Makhleb
Nemelex Xobeh
Okawaru
Qazlal
Ru
Sif Muna
Trog
Uskayaw
Vehumet
Wu Jian
Xom
Yredelemnul
Zin
The Shining One

Shops:
D:1 !   D:6 *?


Innate Abilities, Weirdness & Mutations

You have sharp fingernails.
You are mostly covered in slimy green scales. (AC +3)
A meltable icy envelope protects you from harm. (AC +0)
You sometimes gain a little power by taking damage.
A meltable shield of frost defends you. (SH +0)


Message History

You kill the howler monkey!
Okawaru accepts your kill.
No target in view!
There is an open door, spattered with blood here.
You see here a howler monkey corpse.
Things that are here:
a +0 shortbow; 20 arrows; a centaur corpse
Things that are here:
a +0 robe; a +0 dagger An efreet comes into view.
It is wielding a +1 scimitar of flaming.
An efreet is nearby!
You close the door.
You start waiting.
An efreet opens the door.
It is wielding a +1 scimitar of flaming.
You hit the efreet.
The efreet is lightly wounded.
The efreet closely misses you.
You hit the efreet.
The efreet is lightly wounded.
The efreet gestures at you. The bolt of fire hits you!
Your icy defenses dissipate!
The fire burns you terribly!
You slash the efreet!
The efreet is moderately wounded.
You hit the efreet but do no damage.
The efreet is moderately wounded.
The efreet completely misses you.
You hit the efreet but do no damage.
The efreet is moderately wounded.
The efreet hits you with a +1 scimitar of flaming!
The efreet burns you.
You hit the efreet.
The efreet is heavily wounded.
You slash the efreet!
The efreet is severely wounded.
The efreet gestures at you.
The fireball explodes!
The fireball engulfs you!!! The fire burns you terribly!
Ouch! That really hurt!
You die...

#..#....#.....##
#........#.....#
#........#.....#
#........#.....#
#........#.....#
######.....###....######
##...##.....###....#....###
#............#.............
#...........@#......####.##
#..........[.R......#
###########.....######..#
#...##...##.....###.....#
#.................#......cpu8..
#.................#.....#CV9.c.
#.................#.....#D.....
#.................#<....# .....
#.................#.....# ##.##


You could see an efreet.

Vanquished Creatures
  A death knight (D:9)
  A centaur warrior (D:9)
  2 two-headed ogres (D:8)
  A wizard (D:9)
  An ugly thing (D:8)
  A gargoyle (D:9)
  A troll (D:9)
  A blink frog (shapeshifter) (D:9)
  2 wraiths (D:9)
  An acid dragon (D:9)
  A water moccasin (D:7)
  An orc warrior (D:9)
  A centaur (D:7)
  2 ice beasts
  A necrophage (D:8)
  A phantom (D:3)
  A kobold brigand (D:8)
  5 bullfrogs
  4 scorpions
  A water moccasin zombie (D:3)
  5 howler monkeys
  2 electric eels (D:7)
  2 bullfrog zombies (D:5)
  2 hounds (D:5)
  A gnoll shaman (D:9)
  3 jellies
  3 orc priests
  2 centaur skeletons
  A bullfrog skeleton (D:7)
  2 iguanas
  4 orc wizards (D:7)
  A hound zombie (D:4)
  A hound skeleton (D:4)
  A howler monkey zombie (D:7)
  A howler monkey skeleton (D:7)
  9 gnolls
  2 adders
  A shadow imp (D:6)
  2 ufetubi
  A worm (D:2)
  4 dart slugs
  31 orcs
  6 ball pythons
  6 bats
  10 endoplasms
  2 giant cockroaches
  6 goblins
  5 hobgoblins
  4 jackals (D:1)
  A quokka (D:4)
  2 frilled lizards
  8 kobolds
  5 rats
166 creatures vanquished.

Notes
Turn   | Place    | Note
-------+----------+-------------------------------------------
     0 | D:1      | Froggeryz the Demonspawn Gladiator began the quest for the
                  | Orb.
     0 | D:1      | Reached XP level 1. HP: 16/16 MP: 1/1
    93 | D:1      | Reached skill level 3 in Axes
   420 | D:1      | Gained mutation: You are partially covered in slimy green
                  | scales. (AC +2) [demonic ancestry]
   420 | D:1      | Reached XP level 2. HP: 22/22 MP: 2/2
   909 | D:1      | Found Buxe's Distillery.
  1037 | D:1      | Gained mutation: A meltable shield of frost defends you.
                  | (SH +0) [demonic ancestry]
  1037 | D:1      | Reached XP level 3. HP: 27/27 MP: 3/3
  1614 | D:2      | Found a faded altar of an unknown god.
  1762 | D:2      | Reached skill level 1 in Armour
  2275 | D:2      | Found a stormy altar of Qazlal.
  2492 | D:3      | Reached skill level 4 in Axes
  2599 | D:3      | Reached XP level 4. HP: 24/33 MP: 4/4
  2944 | D:3      | Gained mutation: You are mostly covered in slimy green
                  | scales. (AC +3) [demonic ancestry]
  2944 | D:3      | Reached XP level 5. HP: 16/38 MP: 5/5
  3732 | D:3      | Noticed a phantom
  3740 | D:3      | Killed a phantom
  3741 | D:3      | Reached skill level 5 in Axes
  4215 | D:4      | Reached XP level 6. HP: 46/46 MP: 6/6
  4431 | D:4      | Identified the +6 hand axe of Hanill {drain, rF- rC+ Str+4}
  4684 | D:5      | Entered Level 5 of the Dungeon
  4699 | D:5      | Reached skill level 6 in Axes
  4777 | D:5      | Gained mutation: A meltable icy envelope protects you from
                  | harm. (AC +0) [demonic ancestry]
  4777 | D:5      | Reached XP level 7. HP: 53/53 MP: 7/7
  5496 | D:5      | Found a shadowy altar of Dithmenos.
  5781 | D:5      | Reached skill level 7 in Axes
  5893 | D:6      | Found Kamaet's Lightly-Used Armoury.
  5903 | D:6      | Found Usui's Magic Scroll Shoppe.
  6271 | D:6      | Identified 2 scrolls of acquirement
  6274 | D:6      | Acquired the amulet "Jiras" {rElec rC++ Will- Regen+ Str+7}
  6283 | D:6      | Acquired a +2 executioner's axe of electrocution
  6293 | D:6      | Found a radiant altar of Vehumet.
  6660 | D:6      | Gained mutation: You sometimes gain a little power by
                  | taking damage. [demonic ancestry]
  6660 | D:6      | Reached XP level 8. HP: 52/61 MP: 8/8
  6710 | D:6      | Found a staircase to the Ecumenical Temple.
  6717 | Temple   | Entered the Ecumenical Temple
  6861 | Temple   | Became a worshipper of Warmaster Okawaru
  6957 | D:7      | Reached skill level 5 in Fighting
  6963 | D:7      | Found a hazy altar of Hepliaklqana.
  6980 | D:7      | Reached skill level 8 in Axes
  7426 | D:8      | Reached * piety under Okawaru
  7438 | D:8      | Reached skill level 9 in Axes
  7444 | D:8      | Noticed a two-headed ogre
  7445 | D:8      | Found a broken altar of Ashenzari.
  7445 | D:8      | Noticed a two-headed ogre
  7454 | D:8      | Killed a two-headed ogre
  7455 | D:8      | Reached XP level 9. HP: 69/69 MP: 6/11
  7457 | D:8      | Killed a two-headed ogre
  7457 | D:8      | Reached ** piety under Okawaru
  7458 | D:8      | Reached skill level 10 in Axes
  7458 | D:8      | Reached skill level 5 in Invocations
  7458 | D:8      | Found a basalt altar of Yredelemnul.
  7986 | D:9      | Reached *** piety under Okawaru
  7993 | D:9      | Found a staircase to the Orcish Mines.
  8034 | D:9      | Reached skill level 11 in Axes
  8059 | D:9      | Identified Teig's Almanac of Glacial Stones
  8110 | D:9      | Noticed a troll
  8119 | D:9      | Killed a troll
  8120 | D:9      | Gained mutation: You have sharp fingernails. [demonic
                  | ancestry]
  8120 | D:9      | Reached XP level 10. HP: 74/76 MP: 13/15
  8250 | D:9      | Noticed a wizard
  8250 | D:9      | Noticed a gargoyle
  8250 | D:9      | Noticed a four-headed hydra
  8250 | D:9      | Noticed a cyclops
  8251 | D:9      | Noticed a centaur warrior
  8251 | D:9      | Noticed a death knight
  8251 | D:9      | Noticed a gargoyle
  8251 | D:9      | Noticed a brown ugly thing
  8264 | D:9      | Killed a wizard
  8270 | D:9      | Noticed an orb spider
  8270 | D:9      | a yaktaur changed into an orb spider
  8377 | D:8      | Killed a brown ugly thing
  8377 | D:8      | Reached **** piety under Okawaru
  8390 | D:9      | Killed a death knight
  8434 | D:9      | Reached skill level 12 in Axes
  8482 | D:9      | Killed a gargoyle
  8508 | D:9      | Killed a centaur warrior
  8508 | D:9      | Reached ***** piety under Okawaru
  8525 | D:9      | Received a gift from Okawaru
  8570 | D:9      | Killed from afar by an efreet

Illustrated notes

Levels and vault maps discovered:
D:1:      zelgadis_glass_arrival_large, layout_basic, serial_shops,
          nicolae_shop_waterfront
D:2:      layout_basic, hellmonk_ecumenical_altar_pennies_from_heaven,
          basic_altar
D:3:      kb_forest_paths, layout_loops_corners, minmay_misc_feat_x,
          chequers_serial_rivers_marsh, serial_bayou_pond_c,
          kennysheep_minor_cross, minmay_misc_feat_rugged
D:4:      layout_rooms
D:5:      layout_layer_cave, lemuel_round_altar, nrook_uturn,
          grunt_decor_arrowhead
D:6:      layout_basic, vehumet_altar_wand_db,
          minmay_temple_entry_enclosed_plants, serial_shops, nicolae_shop_trees,
          dk_noncrumbling_4, chequers_serial_rivers_small_3, minmay_shop_damaged
D:7:      layout_rooms, overflow_temple_1_default, serial_bayou_pond_e,
          kennysheep_big_empty_room, st_stairs_8
D:8:      layout_cave_pools, lemuel_crystal_altar, jmf_multi_god_temple
D:9:      layout_gridville, orc_0_dummy, minivault_28
Temple:   nicolae_temple_elliptical

Skill      XL: |  1  2  3  4  5  6  7  8  9 10 |
---------------+-------------------------------+-----
Axes           | 3 4 5 6 7 9 11 12 | 12.5
Armour         | 1 2 |  2.1
Fighting       | 3 4 6 |  6.1
Invocations    | 3 6 9 |  9.2
Throwing       | |  1.7
Dodging        | |  2.6

Action                   |  1- 3 |  4- 6 |  7- 9 | 10-12 || total
-------------------------+-------+-------+-------+-------++-------
Melee: War axe           |   132 |    77 |       |       ||   209
       Hand axe          |       |    18 |   180 |    68 ||   266
       Punch             |       |       |     1 |     1 ||     2
Invok: Heroism           |       |       |     1 |     1 ||     2
Evoke: Wand              |       |       |     3 |     3 ||     6
  Use: Scroll            |       |       |     5 |     2 ||     7
 Stab: Sleeping          |     1 |       |       |       ||     1
       Paralysed         |       |       |     6 |       ||     6
       Distracted        |       |       |       |     1 ||     1
Armor: Leather armour    |    12 |       |       |       ||    12
       Ring mail         |    53 |    34 |    66 |    15 ||   168
Dodge: Dodged            |   102 |    49 |    73 |    24 ||   248
Block: Other             |    21 |    18 |    20 |     5 ||    64

Table legend: (Time is in decaauts)
 A = Elapsed time spent in this place.
 B = Non-inter-level travel time spent in this place.
 C = Inter-level travel time spent in this place.
 D = Time resting spent in this place.
 E = Time spent auto-exploring this place.
 F = Levels seen in this place.
 G = Mean time per level.
                   A        B        C        D        E       F      G
               +--------+--------+--------+--------+--------+-----+--------+
         Total |   8619 |   8403 |    216 |    848 |   6398 |  10 |  861.9 |
       Dungeon |   8448 |   8262 |    186 |    848 |   6260 |   9 |  938.7 |
        Temple |    170 |    140 |     30 |      0 |    138 |   1 |  170.0 |
               +--------+--------+--------+--------+--------+-----+--------+

Top non-repeatable levels by time:
     D:3: 1761 daAuts
     D:1: 1622 daAuts
     D:5: 1432 daAuts
     D:2: 828 daAuts
     D:6: 641 daAuts
     D:8: 582 daAuts
     D:9: 566 daAuts
     D:4: 551 daAuts
     D:7: 461 daAuts
  Temple: 170 daAuts
